 Dungeon Crawl Stone Soup version 0.28-a0-224-g76b539d98b (webtiles) character file.

Game seed: 8365734764952361671

5077 Lochraine the Fighter (level 10, 0/77 HPs)
             Began as a Djinni Fire Elementalist on Aug 21, 2021.
             Was a Follower of Makhleb.
             Slain by a yak (16 damage)
             ... on level 8 of the Dungeon.
             The game lasted 00:30:37 (13817 turns).

Lochraine the Fighter (Djinni Fire Elementalist)   Turns: 13817, Time: 00:30:37

Health: 0/77       AC:  4    Str:  7    XL:     10   Next: 86%
Gold:   594        EV: 14    Int: 20    God:    Makhleb [*.....] SH:  5 Dex: 14

rFire   + + .      SeeInvis .   w - +3 whip (flame)
rCold   x . .      Faith    +   v - +0 buckler
rNeg    . . .      Spirit   .   a - +0 robe
rPois   ∞          Reflect  .   i - +0 helmet
rElec   .          Harm     .   p - +0 cloak
rCorr   .          Rampage  .   (no gloves)
Will    ++...                   (boots unavailable)
Stlth   ++........              G - amulet of faith {!P}
HPRegen 0.22/turn               H - ring of willpower
MPRegen 0.00/turn               (no ring)

@: flying
A: sickness immunity, fire resistance 2, cold vulnerability 1, float, innate
caster, hp casting, extra vitality 1
a: Renounce Religion


You were on level 8 of the Dungeon.
You worshipped Makhleb.
Makhleb was aware of your devotion.
You visited 2 branches of the dungeon, and saw 12 of its levels.
You also visited: Sewer and Ossuary.

You collected 594 gold pieces.

Inventory:

Hand Weapons
 c - a +0 short sword
   (You took it off a kobold on level 1 of the Dungeon)
 w - a +3 whip of flaming (weapon)
   (You took it off Pikel on level 4 of the Dungeon)
Armour
 a - a +0 robe (worn)
 i - a +0 helmet (worn)
   (You found it on level 2 of the Dungeon)
 p - a +0 cloak (worn)
   (You found it on level 3 of the Dungeon)
 v - a +0 buckler (worn)
   (You found it on level 4 of the Dungeon)
Jewellery
 g - a ring of willpower
   (You found it on level 7 of the Dungeon)
 z - a ring of ice
   (You found it on level 5 of the Dungeon)
 G - an amulet of faith (around neck) {!P}
   (You found it on level 6 of the Dungeon)
 H - a ring of willpower (left hand)
   (You found it on level 6 of the Dungeon)
Wands
 d - a wand of iceblast (11)
   (You found it on level 7 of the Dungeon)
 t - a wand of flame (14)
   (You found it on level 4 of the Dungeon)
 u - a wand of paralysis (9)
   (You found it on level 7 of the Dungeon)
Scrolls
 f - 2 scrolls of torment {!r}
 h - a scroll of magic mapping {unknown}
 j - 3 scrolls of immolation {!r}
 k - 2 scrolls of enchant armour {unknown}
 m - a scroll of fog
 n - a scroll of silence {unknown}
 x - a scroll of vulnerability {!r}
 y - a scroll of teleportation {@r4}
 E - 2 scrolls of amnesia {unknown}
 F - 6 scrolls of identify {@r1}
 I - 3 scrolls of noise {!r}
 K - a scroll of blinking {unknown}
Potions
 b - 3 potions of ambrosia
 e - 4 potions of might {unknown}
 l - a potion of invisibility
 o - 4 potions of curing {@q1}
 q - a potion of resistance
 r - 2 potions of attraction {!q}
 s - 2 potions of brilliance
 A - 2 potions of lignification {!q}
 B - a potion of berserk rage
 C - 3 potions of heal wounds {unknown}
 D - a potion of mutation {!q}
 J - a potion of haste {unknown}


   Skills:
 + Level 8.5 Fighting
 + Level 5.8 Dodging
 - Level 1.5 Stealth
 - Level 4.0 Shields
 + Level 8.4 Spellcasting
 + Level 3.0 Invocations


You had one spell level left.
You knew the following spells:

 Your Spells              Type           Power      Damage    Failure   Level
a - Sticky Flame          Conj/Fire      42%        2d6       2%          4
b - Inner Flame           Hex/Fire       42%        N/A       1%          3
c - Beastly Appendage     Tmut           84%        N/A       1%          1
d - Conjure Flame         Conj/Fire      42%        6-21      1%          3
e - Searing Ray           Conj           84%        3d6       1%          2
f - Blink                 Tloc           N/A        N/A       1%          2
g - Gell's Gravitas       Tloc           21%        N/A       1%          3
q - Foxfire               Conj/Fire      100%       2x1d9     1%          1
x - Fireball              Conj/Fire      21%        3d10      7%          5
Your spell library was empty.

Dungeon Overview and Level Annotations

Branches:
Dungeon (11/15)            Temple (1/1) D:7           Sewer (visited)
Ossuary (visited)
   Lair: D:8-11         Orc: D:9-12

Altars:
Ashenzari
Cheibriados
Dithmenos
Elyvilon
Fedhas
Gozag
Hepliaklqana
Kikubaaqudgha
Makhleb
Nemelex Xobeh
Okawaru
Qazlal
Ru
Sif Muna
Trog
Uskayaw
Vehumet
Wu Jian
Xom
Yredelemnul
Zin
The Shining One

Shops:
D:3 [

Annotations:
D:3 3 runed translucent doors, p0werm0de's ghost, weakling MiFi


Innate Abilities, Weirdness & Mutations

You are immune to sickness and miasma.
You are immune to poison.
Your flesh is very heat resistant. (rF++)
You are vulnerable to cold. (rC-)
You float through the air rather than walking.
You learn spells naturally, not from books.
Your magical power is your life essence.
You have superior vitality. (+4 HP)


Message History

The sticky flame hits the acid dragon.
The acid dragon is covered in liquid flames!
The acid dragon burns!
The acid dragon closely misses you. The acid dragon claws you.
Aim: an acid dragon (moderately wounded, covered in liquid flames, 86% to hit)
The searing ray hits the acid dragon. (Press . to maintain the ray.)
The acid dragon burns!
The acid dragon closely misses you. The acid dragon claws you.
* * * LOW HITPOINT WARNING * * *
The searing ray hits the acid dragon.
* * * LOW HITPOINT WARNING * * *
The acid dragon burns!
You kill the acid dragon!
Makhleb accepts your kill.
You start resting.
There is a stone staircase leading down here.
Done exploring.
Done exploring.
You fly downwards.
The yak bellows! x5
The yak gores you! x2
There is a stone staircase leading up here.
The yak gores you but does no damage. The yak gores you.
You block the yak's attack.
You fly upwards.
There is a stone staircase leading down here.
You blink.
Things that are here:
a +0 leather armour; a +0 mace You see here a +0 short sword.
The fire begins to smoulder!
The yak smothers the flame.
Aim: a yak (89% to hit)
The searing ray hits the yak. x2 (Press . to maintain the ray.)
The yak barely misses you.
The searing ray hits the yak! x2; You block the yak's attack.
The searing ray hits the yak! x3; The yak gores you but does no damage.
The searing ray hits the yak.
The searing ray hits the yak!
You kill the yak!
Makhleb accepts your kill.
The searing ray misses the yak.
You finish channeling your searing ray.
The yak gores you!
* * * LOW HITPOINT WARNING * * *
Your Invocations skill increases to level 3!
The yak gores you!
* * * LOW HITPOINT WARNING * * *
The yak gores you!
You die...

###.## #..# ##.# ########
#.###########
#......###..#.........
##..##...........###..
##.####.Y.........†.)
#..#.Y..######.###..
##<@Y#### #..##.. #...###
##.##.. ######.....## #.##..
#####...#..###.)### #.####
#.§§§._.#.)####.))######.####
#.###...##..#####............
#.# #######).#############.##
#.# ### ##..).# #>.. #.# #.#
####.## #.##


You could see 3 yaks.

Vanquished Creatures
  Pikel (D:4)
  A manticore (D:6)
  A komodo dragon (D:10)
  Sigmund (D:4)
  A wyvern (D:8)
  A yak (D:8)
  An acid dragon (D:8)
  A water moccasin (D:7)
  A black bear (D:5)
  A sky beast (D:6)
  Purgy (Sewer)
  2 orc warriors
  3 centaurs
  4 ogres
  2 phantoms
  A kobold brigand (D:6)
  4 bullfrogs
  3 killer bees
  9 wights
  3 howler monkeys
  3 centaur zombies (Ossuary)
  4 hounds
  5 orc priests
  2 bullfrog skeletons
  A jelly (D:4)
  Terence (D:3)
  A centaur skeleton (D:7)
  2 iguanas
  6 orc wizards
  4 killer bee zombies
  2 ogre zombies (Ossuary)
  8 mummies
  3 hound skeletons
  2 howler monkey zombies
  Robin (D:1)
  7 adders
  3 river rats (D:4)
  2 white imps
  3 ufetubi
  2 adder skeletons
  3 adder zombies (Ossuary)
  A worm (D:4)
  A dart slug (D:1)
  19 orcs
  10 ball pythons
  6 endoplasms
  4 giant cockroaches
  14 goblins
  9 hobgoblins
  5 jackals (D:5)
  17 kobolds
  5 quokkas
  2 bats
  3 frilled lizards
  4 goblin zombies (Ossuary)
  5 hobgoblin zombies
  4 kobold zombies (Ossuary)
  5 quokka zombies (Ossuary)
  7 rats
  6 rat zombies (Ossuary)
234 creatures vanquished.

Vanquished Creatures (collateral kills)
  2 foxfires (D:2)
2 creatures vanquished.

Vanquished Creatures (others)
  115 foxfires
  75 plants (D:2)
  5 toadstools (D:3)
195 creatures vanquished.

Grand Total: 431 creatures vanquished

Notes
Turn   | Place    | Note
-------+----------+-------------------------------------------
     0 | D:1      | Lochraine the Djinni Fire Elementalist began the quest for
                  | the Orb.
     0 | D:1      | Reached XP level 1. HP: 15/15 MP: 0/0
   307 | D:1      | Reached XP level 2. HP: 18/21 MP: 0/0
   741 | D:1      | Reached XP level 3. HP: 15/25 MP: 0/0
   741 | D:1      | Learned a level 1 spell: Beastly Appendage
  1351 | D:2      | Noticed Robin
  1370 | D:2      | Reached XP level 4. HP: 18/31 MP: 0/0
  2083 | D:2      | Found a faded altar of an unknown god.
  2179 | D:1      | Killed Robin
  2803 | D:3      | Found a runed translucent gate.
  2803 | D:3      | Found a runed translucent gate.
  2825 | D:3      | Found a runed translucent gate.
  2940 | D:3      | Found Pumi's Armour Emporium.
  2945 | D:3      | Noticed Terence
  3197 | D:3      | Killed Terence
  3198 | D:3      | Reached XP level 5. HP: 8/35 MP: 0/0
  3198 | D:3      | Learned a level 2 spell: Searing Ray
  4547 | D:3      | Noticed p0werm0de's ghost (weakling MiFi)
  4588 | D:4      | Reached XP level 6. HP: 37/40 MP: 0/0
  4752 | D:4      | Found a glowing drain.
  4783 | D:4      | Reached skill level 5 in Spellcasting
  4999 | Sewer    | Entered a sewer
  5006 | Sewer    | Noticed Purgy
  5012 | Sewer    | Killed Purgy
  5013 | Sewer    | Reached skill level 1 in Fighting
  5365 | D:4      | Noticed Sigmund
  5377 | D:4      | Reached XP level 7. HP: 38/48 MP: 0/0
  5377 | D:4      | Learned a level 2 spell: Blink
  5487 | D:4      | Noticed Pikel
  5543 | D:4      | Killed Pikel
  5544 | D:4      | Reached XP level 8. HP: 28/58 MP: 0/0
  5835 | D:4      | Killed Sigmund
  6277 | D:5      | Entered Level 5 of the Dungeon
  6510 | D:5      | Found a sand-covered staircase.
  6530 | Ossuary  | Entered an ossuary
  7319 | D:5      | Reached skill level 5 in Fighting
  7319 | D:5      | Reached XP level 9. HP: 63/65 MP: 0/0
  7319 | D:5      | Learned a level 3 spell: Gell's Gravitas
  7671 | D:5      | Found a hide-covered altar of Uskayaw.
  8704 | D:6      | Found a broken altar of Ashenzari.
  8705 | D:6      | Found a snail-covered altar of Cheibriados.
  8711 | D:6      | Found a basalt altar of Yredelemnul.
  8711 | D:6      | Found a shadowy altar of Dithmenos.
  9731 | D:7      | Noticed a manticore
  9768 | D:6      | Killed a manticore
  9769 | D:6      | Reached XP level 10. HP: 18/75 MP: 0/0
 10753 | D:7      | Found a staircase to the Ecumenical Temple.
 10767 | Temple   | Entered the Ecumenical Temple
 11149 | Temple   | Became a worshipper of Makhleb the Destroyer
 11166 | D:7      | Found a sacrificial altar of Ru.
 11701 | D:7      | Reached skill level 1 in Invocations
 12200 | D:8      | Reached skill level 5 in Dodging
 12956 | D:8      | Found a hazy altar of Hepliaklqana.
 13169 | D:8      | Reached * piety under Makhleb
 13513 | D:9      | You are sucked into a shaft and drop 2 floors!
 13518 | D:10     | Entered Level 10 of the Dungeon
 13555 | D:10     | Noticed a komodo dragon
 13566 | D:10     | Killed a komodo dragon
 13817 | D:8      | Slain by a yak

Illustrated notes

Levels and vault maps discovered:
D:1:      kilobyte_arrival_exit_the_forest, layout_basic
D:2:      wad_woods_stonehenge, layout_basic,
          dreamdust_ecumenical_altar_hidden_monk_grotto, serial_bayou_pond_a,
          uniq_robin
D:3:      layout_basic, gammafunk_ghost_icy, serial_shops, shop,
          minmay_gold_behind_fungi, chequers_serial_rivers_micro_d, uniq_terence
D:4:      layout_loops_cross, portal_sewer_entry_c, uniq_pikel, uniq_sigmund
D:5:      layout_rooms, old_standard_altar, nicolae_ossuary_entry_giza
D:6:      layout_loops_cross, grunt_temple_overflow_open
D:7:      layout_basic, nicolae_ru_awakened_eye,
          minmay_temple_entry_proselytizer
D:8:      layout_rooms, nzn_hepliaklqana_mist_gate, minmay_orc_keep
D:9:      layout_roguey [special_room_bee], david_lair_generic, serial_shops,
          nicolae_diamond_shop, minmay_pinched_square
D:10:     layout_rooms, orc_0_dummy, kennysheep_generic_room_8
D:11:     layout_gridville, gauntlet_entry_generic
Temple:   dpeg_chambers_temple

Skill      XL: |  1  2  3  4  5  6  7  8  9 10 |
---------------+-------------------------------+-----
Spellcasting   | 3 4 5 6 7 8 |  8.4
Fighting       | 1 3 5 7 8 |  8.5
Shields        | 2 4 |  4.0
Dodging        | 3 5 |  5.8
Invocations    | 3 |  3.0
Stealth        | |  1.5

Action                   |  1- 3 |  4- 6 |  7- 9 | 10-12 || total
-------------------------+-------+-------+-------+-------++-------
Melee: Short sword       |     6 |    50 |     6 |       ||    62
       Whip              |       |       |   193 |    88 ||   281
 Cast: Foxfire           |    37 |    32 |     3 |       ||    72
       Searing Ray       |       |    17 |    39 |    17 ||    73
       Blink             |       |       |     4 |     3 ||     7
       Inner Flame       |       |       |     1 |       ||     1
       Gell's Gravitas   |       |       |     5 |     1 ||     6
       Sticky Flame      |       |       |     2 |    22 ||    24
       Conjure Flame     |       |       |     2 |     1 ||     3
       Fireball          |       |       |       |     4 ||     4
  Use: Scroll            |     1 |       |    13 |     3 ||    17
       Potion            |       |       |     1 |       ||     1
 Stab: Sleeping          |       |     3 |     8 |       ||    11
Armor: Robe              |     4 |    21 |    71 |    20 ||   116
Dodge: Dodged            |    15 |    73 |   168 |    87 ||   343
Block: Buckler           |       |       |     6 |    35 ||    41

Table legend: (Time is in decaauts)
 A = Elapsed time spent in this place.
 B = Non-inter-level travel time spent in this place.
 C = Inter-level travel time spent in this place.
 D = Time resting spent in this place.
 E = Time spent auto-exploring this place.
 F = Levels seen in this place.
 G = Mean time per level.
                   A        B        C        D        E       F      G
               +--------+--------+--------+--------+--------+-----+--------+
         Total |  13863 |  13441 |    422 |   1843 |   9381 |  14 |  990.2 |
       Dungeon |  12408 |  11986 |    422 |   1843 |   8216 |  11 | 1128.0 |
        Temple |    396 |    396 |      0 |      0 |    337 |   1 |  396.0 |
         Sewer |    315 |    315 |      0 |      0 |    277 |   1 |  315.0 |
       Ossuary |    743 |    743 |      0 |      0 |    551 |   1 |  743.0 |
               +--------+--------+--------+--------+--------+-----+--------+

Top non-repeatable levels by time:
     D:8: 1896 daAuts
     D:6: 1756 daAuts
     D:2: 1670 daAuts
     D:3: 1642 daAuts
     D:4: 1459 daAuts
     D:7: 1332 daAuts
     D:1: 1319 daAuts
     D:5: 1057 daAuts
 Ossuary: 743 daAuts
  Temple: 396 daAuts
   Sewer: 315 daAuts
     D:9: 202 daAuts
    D:10: 61 daAuts
    D:11: 10 daAuts
